 Dungeon Sprint DCSS version 0.19-a0-1922-g1e9a4c1 (webtiles) character file.

2271 esc the Covert (level 9, -8/50 HPs)
             Began as a Spriggan Enchanter on Oct 24, 2016.
             Was a Believer of Dithmenos.
             Mangled by a tentacle (14 damage)
             ... attached to a kraken
             ... in the Dungeon (Sprint II: "The Violet Keep of Menkaure").
             The game lasted 00:10:30 (2314 turns).

esc the Covert (Spriggan Enchanter)                 Turns: 2314, Time: 00:10:31

Health: -8/50      AC:  3    Str:  4    XL:     9   Next: 16%
Magic:  10/24      EV: 28    Int: 19    God:    Dithmenos [**....]
Gold:   1084       SH:  0    Dex: 17    Spells: 5 memorised, 17 levels left

rFire  . . .     SeeInvis +     a - +1 dagger
rCold  . . .     Gourm    .     b - +1 robe
rNeg   . . .     Faith    .     (shield restricted)
rPois  .         Spirit   .     (helmet restricted)
rElec  .         Reflect  .     (no cloak)
rCorr  .         Harm     .     (gloves unavailable)
MR     +....     NoTele   +     (boots unavailable)
Stlth  +++++++...               (no amulet)
                                (no ring)
                                (no ring)

@: wreathed by umbra, very quick
A: unfitting armour, see invisible, herbivore 3, speed 3, slow metabolism 2
a: Shadow Step, Renounce Religion


You were in the Dungeon.
You worshipped Dithmenos.
Dithmenos was pleased with you.
You were not hungry.

You visited 1 branch You collected 1084 gold pieces.

Inventory:

Hand Weapons
 a - a +1 dagger (weapon)
Armour
 b - a +1 robe (worn)
Scrolls
 j - a scroll of blinking {!r}
 k - 4 scrolls of identify {unknown}
 m - 5 scrolls of remove curse {unknown}
 n - a scroll of immolation {unknown}
 q - 2 scrolls of magic mapping {unknown}
 r - a scroll of recharging {unknown}
 w - a scroll of enchant armour {unknown}
Potions
 e - 4 potions of curing
 f - a potion of heal wounds
 g - 4 potions of haste
 h - 6 potions of magic
 i - 2 potions of berserk rage {!q}
 l - 2 potions of cancellation {unknown}
 p - 3 potions of flight {unknown}
 s - a potion of degeneration {unknown}
 t - a potion of agility {unknown}
 u - 3 potions of resistance {unknown}
 v - a potion of lignification {unknown}
Books
 c - a book of Maledictions
Comestibles
 d - a bread ration {@e1}
 o - a slice of pizza


   Skills:
 + Level 7.2 Fighting
 - Level 9.5 Short Blades
 + Level 12.3 Dodging
 + Level 13.4 Stealth
 + Level 10.6 Spellcasting
 + Level 10.7 Hexes


You had 17 spell levels left.
You knew the following spells:

 Your Spells              Type           Power        Failure   Level  Hunger
a - Ensorcelled Hibernat  Hex/Ice        ####..       1%          2    None
b - Tukima's Dance        Hex            ######..     1%          3    None
c - Confuse               Hex            ######..     1%          3    None
d - Dazzling Spray        Conj/Hex       ####..       1%          3    None
v - Corona                Hex            ######.      1%          1    None


Dungeon Overview and Level Annotations

Branches:
Dungeon (1/1)

Altars:
Cheibriados
Dithmenos
Elyvilon
Fedhas
Gozag
Hepliaklqana
Kikubaaqudgha
Makhleb
Nemelex Xobeh
Okawaru
Qazlal
Ru
Sif Muna
Trog
Uskayaw
Vehumet
Xom
Yredelemnul
Zin
The Shining One
Beogh
Jiyva
Lugonu

Shops:
D :=*%((:=[%?[!}*!

Annotations:
D exclusions: oklob plant and orange crystal statue


Innate Abilities, Weirdness & Mutations

You are very small and have problems with some larger weapons.
You are too small for most types of armour.
You have supernaturally acute eyesight. (SInv)
You are a herbivore.
You cover ground extremely quickly.
You need consume almost no food.


Message History

Aim: a kraken (water, chance to defeat MR: 25%)
The kraken resists with almost no effort.
Tentacles burst out of the water!
A tentacle comes into view.
You now have 19/24 mp.
The tentacle slaps you!!
You see here a dagger.
You take 20 damage, and have 30/50 hp.
MASSIVE DAMAGE!!
You see here a spear.
The tentacle slaps you!!
* * * LOW HITPOINT WARNING * * *
You take 18 damage, and have 12/50 hp.
MASSIVE DAMAGE!!
The tentacle barely misses you.
You see here 24 stones.
A tentacle is nearby!
You start resting.
The walls and floor vibrate strangely for a moment.
You regained 5 hp, and now have 18/50 hp.
MP restored: 24 You start resting.
You see here 24 stones.
Health restored: 50 Tentacles burst out of the water! 4 tentacles come into view.
You see here 24 stones.
You see here 24 stones.
You see here 24 stones.
You see here a spear.
You see here a dagger.
There is an open door here.
Aim: a kraken (water, chance to defeat MR: 25%)
The kraken resists with almost no effort.
You now have 22/24 mp.
Aim: a kraken (water, chance to defeat MR: 25%)
The kraken resists with almost no effort.
You now have 20/24 mp.
Aim: a kraken (water, chance to defeat MR: 25%)
The kraken resists with almost no effort.
You now have 18/24 mp.
Aim: a kraken (water, chance to defeat MR: 25%)
The kraken resists with almost no effort.
You now have 16/24 mp.
Aim: a kraken (water, chance to defeat MR: 25%)
The kraken resists with almost no effort.
You now have 15/24 mp.
Aim: a kraken (water, chance to defeat MR: 25%)
The kraken resists with almost no effort.
You now have 13/24 mp.
Aim: a kraken (water, chance to defeat MR: 25%)
The kraken resists with almost no effort.
Tentacles burst out of the water! 4 tentacles come into view.
You now have 11/24 mp.
The tentacle misses you.
You see here a dagger.
The tentacle closely misses you.
You see here a spear.
The tentacle closely misses you.
You see here 24 stones.
You see here 24 stones.
You see here a spear.
You see here a dagger.
There is an open door here.
Aim: a kraken (water, chance to defeat MR: 25%)
The kraken looks drowsy...
You now have 11/24 mp.
The helpless kraken fails to defend itself.
You perforate the kraken like a sieve!!!!
Tentacles burst out of the water! 4 tentacles come into view.
The tentacle slaps you! The tentacle slaps you.
You take 12 damage, and have 38/50 hp.
MASSIVE DAMAGE!!
The tentacle closely misses you.
There is an open door here.
You see here a dagger.
The tentacle slaps you!
You see here a spear.
You take 16 damage, and have 22/50 hp.
MASSIVE DAMAGE!!
The tentacle slaps you!!
* * * LOW HITPOINT WARNING * * *
You take 18 damage, and have 4/50 hp.
MASSIVE DAMAGE!!
The tentacle barely misses you.
You see here 24 stones.
You see here 24 stones.
You see here a spear.
You see here a dagger.
There is an open door here.
Aim: a kraken (water, heavily wounded, chance to defeat MR: 37%)
The kraken resists with some effort.
Tentacles burst out of the water! 4 tentacles come into view.
You now have 10/24 mp.
The tentacle closely misses you.
You see here a dagger.
The tentacle slaps you!
You die...

....###...▓≈≈§§§§§§▓▓
...#!##§}▓▓▓▓▓▓▓▓▓▓▓
..#.k#=}▓.(.).(..▓▓
#.#..#§=▓)...(%).▓▓ #
+.##.#[}▓..[([(.)▓▓ #
#...####▓).[.....▓▓ ##
##..##.#▓..(.)(..▓▓ .#
+..#%.#▓......()▓▓ .#
#..#..#▓..)%@...▓▓
.####..##.#▓.%)).w..▓▓
...###...##▓▓▓▓▓▓▓\▓▓▓▓+▓
....§§≈≈≈≈≈≈≈≈≈≈≈≈.\.Xw≈▓
....§≈#)########+###Vww≈▓
≈≈≈..≈#....._..#≈§§##≈≈≈▓
≈≈≈≈.≈#...._._.#§≈§§####▓
≈≈≈≈≈≈#..._._._#§§≈≈≈
§§§≈≈≈#.._._._.#≈§§§§§


You could see a kraken and 4 tentacles.

Vanquished Creatures
  A death drake (D)
  A siren (D)
  A yaktaur (D)
  3 polar bears (D)
  A hornet (D)
  A swamp drake (D)
  4 necrophages (D)
  2 crocodiles (D)
  2 worker ants (D)
  2 worms (D)
18 creatures vanquished.

Vanquished Creatures (others)
  Menkaure (D)
  2 worker ants (D)
  A worm (D)
  24 tentacles (D)
28 creatures vanquished.

Grand Total: 46 creatures vanquished

Notes
Turn   | Place    | Note
-------+----------+-------------------------------------------
     0 | D        | esc the Spriggan Enchanter began the quest for the Orb.
     0 | D        | Reached XP level 1. HP: 9/9 MP: 5/5
     1 | D        | Noticed a necrophage
     1 | D        | Noticed a necrophage
     1 | D        | Noticed a necrophage
     1 | D        | Noticed a necrophage
     4 | D        | Noticed a siren
     7 | D        | Noticed a worker ant
     7 | D        | Noticed a worker ant
    13 | D        | Reached skill level 3 in Spellcasting
    44 | D        | Killed Menkaure
   145 | D        | HP: 1/9 [worm (8)]
   417 | D        | Noticed a worker ant
   417 | D        | Noticed a worker ant
   418 | D        | Killed a worker ant
   418 | D        | Reached skill level 1 in Fighting
   418 | D        | Reached skill level 2 in Short Blades
   418 | D        | Reached skill level 4 in Dodging
   418 | D        | Reached skill level 5 in Stealth
   418 | D        | Reached skill level 4 in Hexes
   418 | D        | Reached XP level 2. HP: 14/14 MP: 5/7
   420 | D        | Reached skill level 2 in Fighting
   420 | D        | Reached skill level 3 in Short Blades
   420 | D        | Reached skill level 5 in Dodging
   420 | D        | Reached skill level 6 in Stealth
   420 | D        | Reached skill level 4 in Spellcasting
   420 | D        | Reached skill level 5 in Hexes
   420 | D        | Reached XP level 3. HP: 18/18 MP: 5/9
   422 | D        | Noticed an orange crystal statue
   448 | D        | HP: 4/18 [something (4)]
   702 | D        | Learned a level 2 spell: Ensorcelled Hibernation
   706 | D        | Learned a level 3 spell: Confuse
   710 | D        | Learned a level 3 spell: Tukima's Dance
   741 | D        | Noticed a crocodile
   742 | D        | Noticed an obsidian statue
   744 | D        | Noticed a crocodile
   772 | D        | Killed a necrophage
   772 | D        | Reached skill level 3 in Fighting
   772 | D        | Reached skill level 4 in Short Blades
   772 | D        | Reached skill level 6 in Dodging
   772 | D        | Reached skill level 7 in Stealth
   772 | D        | Reached skill level 5 in Spellcasting
   772 | D        | Reached XP level 4. HP: 13/24 MP: 0/12
   773 | D        | Killed a necrophage
   773 | D        | Reached skill level 5 in Short Blades
   773 | D        | Reached skill level 7 in Dodging
   773 | D        | Reached skill level 8 in Stealth
   773 | D        | Reached skill level 6 in Spellcasting
   773 | D        | Reached skill level 6 in Hexes
   773 | D        | Reached XP level 5. HP: 16/29 MP: 0/14
   777 | D        | Killed a necrophage
   777 | D        | Reached skill level 4 in Fighting
   777 | D        | Reached skill level 8 in Dodging
   777 | D        | Reached skill level 9 in Stealth
   777 | D        | Reached skill level 7 in Hexes
   777 | D        | Reached XP level 6. HP: 19/33 MP: 1/16
   924 | D        | Reached skill level 6 in Short Blades
   924 | D        | Reached skill level 7 in Spellcasting
   928 | D        | Reached skill level 10 in Stealth
  1045 | D        | Reached skill level 9 in Dodging
  1045 | D        | Reached skill level 8 in Hexes
  1095 | D        | Killed a siren
  1095 | D        | Reached skill level 5 in Fighting
  1095 | D        | Reached skill level 7 in Short Blades
  1095 | D        | Reached skill level 10 in Dodging
  1095 | D        | Reached skill level 11 in Stealth
  1095 | D        | Reached skill level 8 in Spellcasting
  1095 | D        | Reached skill level 9 in Hexes
  1095 | D        | Reached XP level 7. HP: 29/39 MP: 4/20
  1192 | D        | Found Jifax's Distillery.
  1192 | D        | Found Seemeniy's Distillery.
  1192 | D        | Found Ibextaec's Antique Armour Shop.
  1192 | D        | Found Pioxtoqir's Antique Armour Boutique.
  1192 | D        | Found Dackeot's Jewellery Shop.
  1192 | D        | Found Namienk's Magic Scroll Shop.
  1192 | D        | Found Jummimio's Book Boutique.
  1206 | D        | Found a blossoming altar of Fedhas.
  1207 | D        | Found a white marble altar of Elyvilon.
  1208 | D        | Found a shadowy altar of Dithmenos.
  1208 | D        | Found a corrupted altar of Lugonu.
  1208 | D        | Found an opulent altar of Gozag.
  1208 | D        | Found a burning altar of Makhleb.
  1209 | D        | Found a snail-covered altar of Cheibriados.
  1209 | D        | Found an ancient bone altar of Kikubaaqudgha.
  1209 | D        | Found a bloodstained altar of Trog.
  1209 | D        | Found a sparkling altar of Nemelex Xobeh.
  1209 | D        | Found a hide-covered altar of Uskayaw.
  1210 | D        | Found a roughly hewn altar of Beogh.
  1210 | D        | Found a viscous altar of Jiyva.
  1210 | D        | Found a deep blue altar of Sif Muna.
  1211 | D        | Found a hazy altar of Hepliaklqana.
  1211 | D        | Found a sacrificial altar of Ru.
  1212 | D        | Found a basalt altar of Yredelemnul.
  1213 | D        | Found a stormy altar of Qazlal.
  1213 | D        | Found a shimmering altar of Xom.
  1213 | D        | Found a glowing silver altar of Zin.
  1213 | D        | Noticed a hornet
  1213 | D        | Noticed a polar bear
  1214 | D        | Noticed a polar bear
  1214 | D        | Found a radiant altar of Vehumet.
  1214 | D        | Found an iron altar of Okawaru.
  1214 | D        | Found a glowing golden altar of the Shining One.
  1214 | D        | Noticed a yaktaur
  1217 | D        | Noticed a polar bear
  1220 | D        | Became a worshipper of Dithmenos the Shadowed
  1238 | D        | Killed a polar bear
  1238 | D        | Reached skill level 9 in Spellcasting
  1240 | D        | Killed a hornet
  1240 | D        | Reached skill level 6 in Fighting
  1240 | D        | Reached skill level 8 in Short Blades
  1240 | D        | Reached XP level 8. HP: 34/44 MP: 7/22
  1245 | D        | Killed a yaktaur
  1245 | D        | Reached * piety under Dithmenos
  1245 | D        | Reached skill level 11 in Dodging
  1245 | D        | Reached skill level 12 in Stealth
  1257 | D        | Killed a polar bear
  1257 | D        | Reached skill level 10 in Spellcasting
  1257 | D        | Reached skill level 10 in Hexes
  1368 | D        | Noticed a death drake
  1370 | D        | Killed a death drake
  1370 | D        | Reached skill level 7 in Fighting
  1370 | D        | Reached skill level 9 in Short Blades
  1370 | D        | Reached skill level 12 in Dodging
  1370 | D        | Reached skill level 13 in Stealth
  1370 | D        | Reached XP level 9. HP: 23/50 MP: 6/24
  1395 | D        | Killed a polar bear
  1395 | D        | Reached ** piety under Dithmenos
  1548 | D        | Noticed a crystal guardian
  1549 | D        | Noticed a death drake
  1581 | D        | Found Uruth's Gadget Shop.
  1582 | D        | Found Axatiu Laym's Antique Weapon Boutique.
  1582 | D        | Found Zaxzicru's Antique Weapon Shop.
  1582 | D        | Found Pestyimo's Food Boutique.
  1583 | D        | Found Ygax's Assorted Antiques.
  1583 | D        | Found Okyirou's Jewellery Boutique.
  1584 | D        | Found Kufoichu's Assorted Antiques.
  1584 | D        | Found Mosiara's Food Shop.
  1585 | D        | Noticed an oklob plant
  1586 | D        | Found Gatokk's Book Shoppe.
  1588 | D        | Noticed an ice dragon
  1595 | D        | Noticed a polar bear
  1664 | D        | Noticed a kraken
  1678 | D        | HP: 1/50 [tentacle[a kraken] (28)]
  1775 | D        | Learned a level 3 spell: Dazzling Spray
  2027 | D        | HP: 12/50 [tentacle[a kraken] (18)]
  2303 | D        | HP: 4/50 [tentacle[a kraken] (18)]
  2314 | D        | Mangled by a tentacle

Vault maps used:
D:        the_violet_keep_of_menkaure

Skill      XL: |  1  2  3  4  5  6  7  8 |
---------------+-------------------------+-----
Spellcasting   | 3 4 5 6 8 9 10 | 10.6
Fighting       | 1 2 3 4 5 6 7 |  7.2
Short Blades   | 2 3 4 5 7 8 9 |  9.5
Dodging        | 4 5 6 7 8 10 12 | 12.3
Stealth        | 5 6 7 8 9 11 13 | 13.4
Hexes          | 4 5 6 7 9 10 | 10.7

Action                   |  1- 3 |  4- 6 |  7- 9 || total
-------------------------+-------+-------+-------++-------
Melee: Dagger            |    11 |    12 |    32 ||    55
 Cast: Ensorcelled Hiber |     5 |    11 |    18 ||    34
       Confuse           |       |     5 |    10 ||    15
 Stab: Sleeping          |     5 |     5 |     5 ||    15
       Confused          |       |     1 |     4 ||     5
Armor: Robe              |     1 |       |       ||     1
Dodge: Dodged            |    19 |    12 |    30 ||    61

Vault maps used:
D:        the_violet_keep_of_menkaure

Table legend:
 A = Turns spent in this place as a percentage of turns spent in the entire game.
 B = Non-inter-level travel turns spent in this place as a percentage of non-inter-level travel turns spent in the entire game.
 C = Inter-level travel turns spent in this place as a percentage of turns spent in this place.
 D = Turns resting spent in this place as a percentage of non-inter-level travel turns spent in this place.
 E = Turns spent auto-exploring this place as a percentage of non-inter-level travel turns spent in this place.
 F = Non-inter-level travel turns spent in this place divided by the number of levels of this place that you've seen.
                   A       B       C       D       E      F
               +-------+-------+-------+-------+-------+----------------------
         Total | 100.0 | 100.0 |   0.0 |   5.9 |   0.3 | 680.0
       Dungeon | 100.0 | 100.0 |   0.0 |   5.9 |   0.3 | 680.0
               +-------+-------+-------+-------+-------+----------------------

Table legend:
 A = Kills in this place as a percentage of kills in entire the game.
 B = Kills by you in this place as a percentage of kills by you in the entire game.
 C = Kills by friends in this place as a percentage of kills by friends in the entire game.
 D = Other kills in this place as a percentage of other kills in the entire game.
 E = Experience gained in this place as a percentage of experience gained in the entire game.
 F = Experience gained in this place divided by the number of levels of this place that you have seen.
                   A       B       C       D       E      F
               +-------+-------+-------+-------+-------+----------------------
         Total | 100.0 | 100.0 |  -nan |  -nan | 100.0 | 3245.0
       Dungeon | 100.0 | 100.0 |  -nan |  -nan | 100.0 | 3245.0
               +-------+-------+-------+-------+-------+----------------------
